 Dungeon Crawl Stone Soup version 0.18.1-8-gdd0e5ea (webtiles) character file.

865 zeroDi the Covert (level 8, 0/38 HPs)
             Began as a Vine Stalker Assassin on May 21, 2016.
             Was a Follower of Okawaru.
             Slain by an orc warrior
             ... wielding a +0 trident
              (4 damage)
             ... on level 5 of the Dungeon.
             The game lasted 00:13:14 (4338 turns).

zeroDi the Covert (Vine Stalker Assassin)           Turns: 4338, Time: 00:13:14

Health: 0/38       AC:  6    Str: 14    XL:     8   Next: 3%
Magic:  0/18       EV: 11    Int: 11    God:    Okawaru [*.....]
Gold:   306        SH:  0    Dex: 18    Spells: 0 memorised, 7 levels left

rFire  . . .     SeeInvis .     a - +2 dagger
rCold  . . .     Gourm    .     c - +0 robe
rNeg   . . .     Faith    .     (no shield)
rPois  .         Spirit   +     C - +0 helmet
rElec  .         Dismiss  .     d - +1 cloak
rCorr  .         Reflect  .     A - +0 pair of gloves
SustAt .         Harm     .     (no boots)
MR     +....                    (no amulet)
Stlth  ++++......               (no ring)
                                j - ring of magical power

@: somewhat resistant to hostile enchantments, stealthy
A: fangs 3, regeneration 2, magic shield, antimagic bite, no device heal 3, rot
immunity
a: Heroism, Renounce Religion


You were on level 5 of the Dungeon.
You worshipped Okawaru.
Okawaru was aware of your devotion.
You were not hungry.

You visited 1 branch of the dungeon, and saw 6 of its levels.

You collected 306 gold pieces.


Innate Abilities, Weirdness & Mutations

You have razor-sharp teeth.
You heal very quickly.
When hurt, damage is shared between your health and your magic reserves.
Your bite disrupts and absorbs the magic of your enemies.
Potions and wands cannot restore your health.
You are immune to rotting.


   Skills:
 - Level 1.7 Fighting
 - Level 5.8 Short Blades
 - Level 1.7 Throwing
 - Level 0.7 Dodging
 * Level 9.5 Stealth


You had 7 spell levels left.
You didn't know any spells.

Inventory:

Hand Weapons
 a - a +2 dagger (weapon)
 b - a +1 blowgun
 q - the cursed +1 spear "Merghinor" {pierce, +Blink Str+2}
   (You found it on level 4 of the Dungeon)

   It inflicts extra damage upon your enemies.
   It affects your strength (+2).
   It lets you blink.
   It has a curse placed upon it.
Missiles
 e - 5 poisoned needles
 f - 2 curare-tipped needles {=f}
Armour
 c - a +0 robe (worn)
 d - a +1 cloak (worn)
 A - a +0 pair of gloves (worn)
 C - a +0 helmet (worn)
Jewellery
 j - a ring of magical power (left hand)
 B - an uncursed ring of see invisible {unknown}
Wands
 v - a wand of flame (19/48)
Scrolls
 i - a scroll of magic mapping {unknown}
 l - a scroll of fog
 n - a scroll of amnesia
 o - 2 scrolls of remove curse {unknown}
 p - 2 scrolls of enchant armour
 t - 2 scrolls of teleportation {unknown}
 u - a scroll of noise {unknown}
 w - 6 scrolls of identify {@r1}
 y - a scroll of enchant weapon
 D - a scroll of blinking {unknown}
Potions
 h - 2 potions of heal wounds {unknown}
 r - a potion of flight {unknown}
 s - a potion of lignification {unknown}
 x - a potion of mutation {unknown}
 z - a potion of berserk rage {unknown}
 G - a potion of curing {unknown}
 H - a potion of might {unknown}
Comestibles
 g - 3 bread rations
 k - 2 meat rations
 m - 3 beef jerkies
 E - a royal jelly

Dungeon Overview and Level Annotations

Branches:
Dungeon (6/15)
 Temple: D:4-7

Altars:
Ashenzari
Okawaru
The Shining One

Annotations:
D:5 exclusion: ice beast

#.#.....#######
#....#####....#
###....# #.##.#
#..#.# #...).
#####..#.###..#..
#>............###
#.####.#.........
####.#..#.#####.#(..
#.>@.#..#.......#...
#o####.......####..#
#.##...#####.#.....#
#............#.#####
##############...((.
#######


You could see an orc warrior.


Message History

Firing (i - inventory. (,) - cycle):
e - 6 poisoned needles (quivered)
Press: ? - help, Shift-Dir - straight line, f - orc warrior
Aim: an orc warrior, wielding a trident and wearing a plate armour You shoot a poisoned needle.
The poisoned needle hits the orc warrior!
The orc warrior is poisoned.
The orc warrior hits you with a trident!!
a - a +2 dagger (weapon)
You hit the orc warrior but do no damage.
You bite the orc warrior. You drain its power.
You feel invigorated.
The orc warrior is lightly wounded.
The orc warrior hits you with a trident!!
* * * LOW HITPOINT WARNING * * *
The orc warrior hits you with a trident!
* * * LOW HITPOINT WARNING * * *
You climb upwards.
Level annotation: exclusion: ice beast
There is a stone staircase leading down here.
The orc warrior hits you from afar with a trident.
You die...

Action                   |  1- 3 |  4- 6 |  7- 9 || total
-------------------------+-------+-------+-------++-------
Melee: Dagger            |    79 |   179 |   161 ||   419
       Bite              |    15 |    58 |    62 ||   135
 Fire: Blowgun           |       |    13 |    10 ||    23
  Use: Scroll            |       |     9 |       ||     9
 Stab: Sleeping          |    11 |     5 |       ||    16
  Eat: Chunk             |     2 |     4 |     4 ||    10
       Royal jelly       |       |       |     1 ||     1
Armor: Robe              |    17 |    46 |    42 ||   105
Dodge: Dodged            |    44 |   100 |    61 ||   205

Vault maps used:
D:1:      dpeg_arrival_refuge
D:2:      nicolae_overflow_crystal_walls, lemuel_crystal_altar,
          nrook_mini_backslash, grunt_ministairs_3
D:3:      minitemple
D:4:      okawaru_ov_weapons_minmay, first_bread
D:6:      uniq_eustachio, uniq_prince_ribbit1

Notes
Turn   | Place    | Note
--------------------------------------------------------------
     0 | D:1      | zeroDi the Vine Stalker Assassin began the quest for the Orb.
     0 | D:1      | Reached XP level 1. HP: 11/11 MP: 2/2
    49 | D:1      | Reached skill level 2 in Short Blades
   104 | D:1      | Reached XP level 2. HP: 15/15 MP: 3/3
   559 | D:1      | Reached skill level 3 in Short Blades
   970 | D:2      | Reached XP level 3. HP: 18/18 MP: 4/4
  1021 | D:2      | Found a shattered altar of Ashenzari.
  1231 | D:2      | Found a glowing golden altar of the Shining One.
  1408 | D:3      | Reached XP level 4. HP: 23/23 MP: 5/5
  1425 | D:3      | Noticed a black bear
  1434 | D:3      | HP: 2/23 [black bear (1)]
  1628 | D:3      | Reached skill level 4 in Short Blades
  1751 | D:3      | Reached XP level 5. HP: 24/26 MP: 6/6
  2067 | D:4      | Found an iron altar of Okawaru.
  2080 | D:4      | Became a worshipper of Warmaster Okawaru
  2083 | D:4      | Got a pitted spear
  2084 | D:4      | Identified the cursed +1 spear "Merghinor" {pierce, +Blink Str+2} (You found it on level 4 of the Dungeon)
  2185 | D:4      | Reached skill level 5 in Short Blades
  2347 | D:4      | Noticed an ogre
  2383 | D:4      | Killed an ogre
  2383 | D:4      | Gained mutation: You heal very quickly. [Vine Stalker growth]
  2383 | D:4      | Reached XP level 6. HP: 24/30 MP: 7/7
  2726 | D:5      | Entered Level 5 of the Dungeon
  2779 | D:5      | Noticed an ice beast
  2817 | D:5      | Reached skill level 5 in Stealth
  3049 | D:5      | Reached skill level 6 in Stealth
  3049 | D:5      | Reached XP level 7. HP: 22/34 MP: 8/8
  3134 | D:5      | Reached * piety under Okawaru
  3134 | D:5      | Reached skill level 7 in Stealth
  3773 | D:6      | Reached skill level 8 in Stealth
  3852 | D:6      | Reached skill level 9 in Stealth
  4077 | D:6      | Gained mutation: You have razor-sharp teeth. [Vine Stalker growth]
  4077 | D:6      | Reached XP level 8. HP: 38/38 MP: 9/9
  4336 | D:6      | HP: 3/38 [orc warrior/trident (11)]
  4338 | D:5      | Slain by an orc warrior

Vanquished Creatures
  An ogre (D:4)
  3 centaurs
  A howler monkey (D:6)
  A crimson imp (D:5)
  A centaur skeleton (D:5)
  3 orc priests
  3 orc wizards
  A giant frog skeleton (D:4)
  3 iguanas
  6 adders
  2 shadow imps
  3 oozes
  10 orcs
  3 ball pythons
  4 giant cockroaches
  9 goblins
  7 hobgoblins
  9 jackals (D:3)
  A quokka (D:2)
  9 bats
  4 giant newts
  7 kobolds
  5 rats
96 creatures vanquished.
